 Dungeon Crawl Stone Soup version 0.28-a0-1404-g4df0f3684d (webtiles) character file.

Game seed: 4411520674911071276

185 HallandMoats the Skirmisher (level 5, -5/46 HPs)
             Began as a Ghoul Fighter on Jan 6, 2022.
             Slain by Sigmund (10 damage)
             ... on level 2 of the Dungeon.
             The game lasted 00:02:59 (2276 turns).

HallandMoats the Skirmisher (Ghoul Fighter)         Turns: 2276, Time: 00:02:59

Health: -5/46      AC:  7    Str: 20    XL:     5   Next: 64%
Magic:  5/5        EV: 11    Int:  3    God:
Gold:   84         SH:  0    Dex: 10    Spells: 4/4 levels left

rFire   . . .      SeeInvis .   a - +0 war axe
rCold   + . .      Faith    .   c - +1 buckler
rNeg    + + +      Spirit   .   h - +3 leather armour
rPois   ∞          Reflect  .   b - +0 helmet
rElec   .          Harm     .   (no cloak)
rCorr   .          Rampage  .   (no gloves)
Will    .....                   (no boots)
Stlth   ..........              (no amulet)
HPRegen 0.00/turn               (no ring)
MPRegen 0.09/turn               (no ring)

@: confused, inhibited regen
A: claws 1, cold resistance 1, negative energy resistance 3, inhibited
regeneration, torment resistance 2
a: no special abilities


You were on level 2 of the Dungeon.
You visited 1 branch of the dungeon, and saw 2 of its levels.

You collected 84 gold pieces.

Inventory:

Hand Weapons
 a - a +0 war axe (weapon)
Armour
 b - a +0 helmet (worn)
 c - a +1 buckler (worn)
 h - a +3 leather armour (worn)
Potions
 d - a potion of cancellation {unknown}


   Skills:
 + Level 4.1 Fighting
 + Level 2.6 Axes
 + Level 3.3 Armour
 + Level 1.6 Dodging
 + Level 3.3 Shields
 + Level 1.9 Invocations


You had 4 spell levels left.
You didn't know any spells.
Your spell library was empty.

Dungeon Overview and Level Annotations

Branches:
Dungeon (2/15)

Altars:

Annotations:
D:2 Sigmund


Innate Abilities, Weirdness & Mutations

You thrive by killing the living.
You are immune to poison.
You have sharp fingernails.
Your flesh is cold resistant. (rC+)
You are immune to negative energy. (rN+++)
You do not regenerate when monsters are visible.
You are immune to unholy pain and torment.


Message History

Sigmund gestures wildly while chanting.
Sigmund flickers and vanishes!
Deactivating autopickup; reactivate with Ctrl-A.
You barely miss something. Something hits you!
You bump into the rock wall.
You feel less confused.
You hear some strange, mumbled words.
A puff of flame appears from out of thin air!
The puff of flame hits you.
You barely miss something. Something hits you but does no damage.
You hit something. Something hits you.
You miss something. Something hits you!
You closely miss something.
You hear some strange, mumbled words.
A magic dart appears from out of thin air!
The magic dart hits you but does no damage.
You miss something. Something hits you.
You miss something.
You hear some strange, mumbled words.
A magic dart appears from out of thin air!
The magic dart hits you.
* * * LOW HITPOINT WARNING * * *
You hear some strange, mumbled words.
A magic dart appears from out of thin air!
The magic dart hits you.
* * * LOW HITPOINT WARNING * * *
You barely miss something.
You hear some strange, mumbled words.
A puff of flame appears from out of thin air!
The puff of flame misses you.
You barely miss something. Something hits you but does no damage.
You closely miss something. Something hits you.
* * * LOW HITPOINT WARNING * * *
You miss something.
You hear some strange, mumbled words.
You are confused.
You miss something. Something hits you but does no damage.
You miss something. Something hits you but does no damage.
You miss something. Something hits you!
You die...

#####...#.#.
#.#..#....#.#.###...#.#<
#..>...................[
#..........##...........
#......... #.#....##.#.
##.........##.#....##.#.
.................##...†.
#...{.# #...........#.
#@###......##.#...
#..........##..##.
#.................
##...#.#.###...##.
........#.#.#.#......
........#.#.#.#...##.
......####.#.#.#...##.
...... #.#.#.#......
...... #.#.#........


There were no monsters in sight!

Vanquished Creatures
  A howler monkey (D:1)
  Natasha (twice) (D:2)
  Robin (D:2)
  3 adders (D:2)
  2 worms (D:2)
  3 bats
  2 giant cockroaches (D:1)
  15 goblins
  8 hobgoblins (D:2)
  A jackal (D:2)
  5 kobolds
  2 quokkas
  3 ball pythons (D:2)
  5 rats
53 creatures vanquished.

Notes
Turn   | Place    | Note
-------+----------+-------------------------------------------
     0 | D:1      | HallandMoats the Ghoul Fighter began the quest for the Orb.
     0 | D:1      | Reached XP level 1. HP: 19/19 MP: 0/0
   185 | D:1      | Reached XP level 2. HP: 26/26 MP: 1/1
   971 | D:2      | Noticed a howler monkey
   973 | D:2      | Noticed Sigmund
   989 | D:1      | Killed a howler monkey
   990 | D:1      | Reached skill level 1 in Dodging
   990 | D:1      | Reached skill level 1 in Invocations
   990 | D:1      | Reached XP level 3. HP: 11/33 MP: 2/2
   990 | D:1      | Reached XP level 4. HP: 13/40 MP: 3/3
  1304 | D:2      | Noticed Robin
  1359 | D:2      | Killed Robin
  1715 | D:2      | Reached XP level 5. HP: 27/46 MP: 5/5
  1968 | D:2      | Noticed Natasha
  1977 | D:2      | Killed Natasha
  1978 | D:2      | Reached skill level 4 in Fighting
  2205 | D:2      | Noticed Natasha
  2211 | D:2      | Killed Natasha
  2276 | D:2      | Slain by Sigmund

Illustrated notes

Levels and vault maps discovered:
D:1:      lemuel_arrival_rhombus, layout_basic, roderic_roman_lattice
D:2:      kennysheep_six_static_rooms, layout_basic, uniq_robin, uniq_sigmund,
          uniq_natasha

Skill      XL: |  1  2  3  4  5 |
---------------+----------------+-----
Axes           | 2 |  2.6
Armour         | 3 |  3.3
Dodging        | 1 |  1.6
Shields        | 3 |  3.3
Invocations    | 1 |  1.9
Fighting       | 4 |  4.1

Action                   |  1- 3 |  4- 6 || total
-------------------------+-------+-------++-------
Melee: War axe           |    49 |   133 ||   182
  Use: Potion            |     1 |       ||     1
       Scroll            |       |     3 ||     3
Armor: Scale mail        |    22 |       ||    22
       Leather armour    |     7 |    50 ||    57
Dodge: Dodged            |    26 |    77 ||   103
Block: Buckler           |    12 |    28 ||    40

Table legend: (Time is in decaauts)
 A = Elapsed time spent in this place.
 B = Non-inter-level travel time spent in this place.
 C = Inter-level travel time spent in this place.
 D = Time resting spent in this place.
 E = Time spent auto-exploring this place.
 F = Levels seen in this place.
 G = Mean time per level.
                   A        B        C        D        E       F      G
               +--------+--------+--------+--------+--------+-----+--------+
         Total |   2368 |   2315 |     53 |    471 |   1374 |   2 | 1184.0 |
       Dungeon |   2368 |   2315 |     53 |    471 |   1374 |   2 | 1184.0 |
               +--------+--------+--------+--------+--------+-----+--------+

Top non-repeatable levels by time:
     D:1: 1455 daAuts
     D:2: 912 daAuts
